 Dungeon Crawl Stone Soup version 0.31-a0-187-gba352fbbf7 (webtiles) character file.

Game seed: 13976088685992067090

64 qw the Shooter (level 3, -1/20 HPs)
             Began as a Deep Elf Hunter on June 22, 2023.
             Killed by divine providence
             ... invoked by an orc priest
              (11 damage)
             ... on level 2 of the Dungeon.
             The game lasted 00:00:29 (1331 turns).

qw the Shooter (Deep Elf Hunter)                    Turns: 1331, Time: 00:00:29

Health: -1/20      AC:  3    Str: 10    XL:     3   Next: 91%
Magic:  5/5        EV: 12    Int: 13    God:
Gold:   57         SH:  0    Dex: 18    Spells: 2/2 levels left

rFire   . . .        a - +0 shortbow
rCold   + . .        (shield currently unavailable)
rNeg    . . .        c - +0 leather armour
rPois   .            (no helmet)
rElec   .            (no cloak)
rCorr   .            (no gloves)
SInv    .            (no boots)
Will    .....        (no amulet)
Stlth   ++           e - ring of protection from cold
HPRegen 0.23/turn    (no ring)
MPRegen 0.09/turn

%: no passive effects
@: no status effects
A: no striking features
a: no special abilities


You were on level 2 of the Dungeon.
You visited 1 branch of the dungeon, and saw 2 of its levels.

You collected 57 gold pieces.


   Skills:
 - Level 1.5 Fighting
 + Level 7.3 Ranged Weapons
 - Level 2.4 Dodging
 - Level 1.2 Stealth


You had 2 spell levels left.
You didn't know any spells.
Your spell library was empty.

Inventory:

Hand Weapons
 a - a +0 shortbow (weapon)
Armour
 c - a +0 leather armour (worn)
 k - a +0 pair of gloves
Jewellery
 e - a ring of protection from cold (left hand)
Scrolls
 b - a scroll of fog {unknown}
 i - 3 scrolls of identify {unknown}
Potions
 d - a potion of resistance {unknown}
 f - a potion of invisibility {unknown}
 g - a potion of attraction {unknown}
 h - a potion of haste {unknown}
 j - a potion of heal wounds {unknown}

Dungeon Overview and Level Annotations

Branches:
Dungeon (2/15)

Altars:

Shops:
D:1 =


Message History

The arrow hits the orc but does no damage.
You hear a shout!
You shoot an arrow.
The arrow hits the orc but does no damage.
You shoot an arrow. The arrow hits the orc!
You kill the orc!
You start resting.
HP restored.
An orc comes into view. It is wielding a +0 hand axe.
You shoot an arrow. The orc shouts!
The arrow hits the orc.
The orc is lightly wounded.
You shoot an arrow.
The arrow hits the orc but does no damage.
The orc is lightly wounded.
An orc priest comes into view. It is wielding a +0 flail.
You shoot an arrow. The arrow closely misses the orc.
The orc priest looks satisfied for a moment.
You shoot an arrow. The arrow hits the orc.
The orc is almost dead.
You shoot an arrow. The arrow hits the orc!
You kill the orc!
You shoot an arrow. The arrow barely misses the orc priest.
You shoot an arrow. The arrow hits the orc priest!
The orc priest is heavily wounded.
You shoot an arrow. The arrow barely misses the orc priest.
The orc priest mumbles some strange prayers to Beogh against you.
Beogh smites you!
You shoot an arrow.
The arrow closely misses the orc priest.
The orc priest closely misses you.
You shoot an arrow. The arrow hits the orc priest.
The orc priest is severely wounded.
The orc priest hits you with a +0 flail.
You shoot an arrow. The arrow barely misses the orc priest.
The orc priest mumbles some strange prayers to Beogh against you.
Beogh smites you!
Ouch! That really hurt!
You die...

########## .
######........#######
........................
.....#.#.#.#.#.#.#######
......%@........).......
....#.#o#.#.#.#.#.......
. ....)................
..#.#.#.#.#.#.#.#......
......)............#####
..#.#.#.#.#.#.#.#.#.# ##
.................###.
.#.#.#.#.#.#.#.#.#..[.
......%..%.........##.


You could see an orc priest.

Vanquished Creatures
  An adder (D:2)
  A dart slug (D:1)
  2 orcs (D:2)
  6 endoplasms
  2 giant cockroaches
  5 goblins
  5 hobgoblins
  A kobold (D:1)
  8 ball pythons
  6 bats
  6 frilled lizards (D:1)
  3 rats (D:1)
46 creatures vanquished.

Notes
Turn   | Place    | Note
-------+----------+-------------------------------------------
     0 | D:1      | qw the Deep Elf Hunter began the quest for the Orb.
     0 | D:1      | Reached XP level 1. HP: 12/12 MP: 3/3
     0 | D:1      | 0 ||| qw: Version: 0.3-a-9-g12657ce
     0 | D:1      | 0 ||| qw: Game counter: 2636
     0 | D:1      | 0 ||| qw: Always use a shield: true
     0 | D:1      | 0 ||| qw: God list: Okawaru
     0 | D:1      | 0 ||| qw: Allow faded altars: false
     0 | D:1      | 0 ||| qw: Do Orc after D:15 true
     0 | D:1      | 0 ||| qw: Do second Lair branch before Depths: true
     0 | D:1      | 0 ||| qw: Lair rune preference: random
     0 | D:1      | 0 ||| qw: Plans: Normal
     0 | D:1      | 0 ||| PLANNING D:1-11
   130 | D:1      | Reached XP level 2. HP: 16/16 MP: 4/4
   202 | D:1      | Reached skill level 6 in Ranged Weapons
   557 | D:1      | Found Boitynli's Jewellery Boutique.
   573 | D:1      | 573 ||| SHOPLISTING +6 ring of dexterity (432 gold, have
                  | 29).
   573 | D:1      | 573 ||| SHOPLISTING +6 ring of strength (432 gold, have
                  | 29).
   573 | D:1      | 573 ||| SHOPLISTING ring "Wedofiab" {rCorr Int+6} (583
                  | gold, have 29).
   573 | D:1      | 573 ||| SHOPLISTING ring of fire (300 gold, have 29).
   573 | D:1      | 573 ||| SHOPLISTING ring of poison resistance (240 gold,
                  | have 29).
   573 | D:1      | 573 ||| SHOPLISTING ring of protection from cold (300 gold,
                  | have 29).
   573 | D:1      | 573 ||| SHOPLISTING ring of resist corrosion (240 gold,
                  | have 29).
   660 | D:1      | Reached XP level 3. HP: 20/20 MP: 5/5
  1014 | D:1      | 1014 ||| UPGRADING to ring of protection from cold.
  1015 | D:1      | 1015 ||| DROPPING scroll of butterflies.
  1092 | D:2      | Reached skill level 7 in Ranged Weapons
  1331 | D:2      | Killed from afar by an orc priest

Levels and vault maps discovered:
D:1:      lemuel_arrival_behind_the_door_large, layout_basic, serial_shops,
          nicolae_shop_advertising_works [nicolae_subvault_shop_adworks],
          minmay_close_crescents
D:2:      layout_basic, hex_large

Skill      XL: |  1  2  3 |
---------------+----------+-----
Ranged Weapons | 6 7 |  7.3
Fighting       | |  1.5
Dodging        | |  2.4
Stealth        | |  1.2

Action                     || total
---------------------------++-------
   Fire: Shortbow          ||   125
 Armour: Leather armour    ||     7
  Dodge: Dodged            ||    17

Table legend:
 A = Non-vault XP
 B = Vault XP
 C = Vault XP percentage of total XP
 D = Non-vault monster count
 E = Vault monster count
 F = Vault count percentage of total count
                 A         B        C        D         E       F
            +---------+---------+-------+---------+---------+-------
      Total |      84 |       8 |   8.7 |      42 |       4 |   8.7
            +---------+---------+-------+---------+---------+-------
        D:1 |      41 |       8 |  16.3 |      26 |       4 |  13.3
        D:2 |      43 |       0 |   0.0 |      16 |       0 |   0.0
            +---------+---------+-------+---------+---------+-------
